 Dungeon Crawl Stone Soup version 0.25-a0-578-gc91f01c39c (webtiles) character file.

Game seed: 3597707646318989598, levelgen mode: deterministic

71820 drasked the Devastator (level 14, -17/78 HPs)
             Began as a Deep Elf Wizard on Mar 5, 2020.
             Was a High Priest of Vehumet.
             Collided with a metal wall (18 damage)
             ... caused by a wretched star
             ... on level 2 of the Abyss on Mar 6, 2020.
             The game lasted 02:56:32 (39150 turns).

drasked the Devastator (Deep Elf Wizard)           Turns: 39150, Time: 02:56:32

Health: -17/78     AC: 12    Str:  3 (4)  XL:     14   Next: 99%
Magic:  6/35       EV: 17    Int: 29      God:    Vehumet [*****.]
Gold:   1031       SH:  8    Dex: 13      Spells: 16/43 levels left

rFire    + + .     SeeInvis .   V - +8 whip "Snakebite" {curare, rPois}
rCold    . . .     Gourm    .   j - +3 buckler {AC+3} {AC+3}
rNeg     + . .     Faith    .   O - +2 robe {rC+ rF+} {rC+, rF+}
rPois    +         Spirit   .   b - +1 hat
rElec    .         Reflect  .   (no cloak)
rCorr    .         Harm     .   t - +2 pair of gloves
MR       +....     Rnd*Tele +   m - +0 pair of boots
Stlth    ++........             (no amulet)
HPRegen  0.23/turn              N - ring of positive energy {rN+rN+}
MPRegen  0.24/turn              E - ring of fire {rF+, rC-rF+, rC-}

@: no status effects
A: [deterioration 2], [screaming 2], [teleportitis 2]
a: Renounce Religion


You were on level 2 of the Abyss.
You worshipped Vehumet.
Vehumet was extremely pleased with you.
You were very full.

You visited 4 branches of the dungeon, and saw 23 of its levels.
You visited the Abyss 1 time.
You also visited: Ossuary and Ice Cave.

You collected 2095 gold pieces.
You spent 1064 gold pieces at shops.

Inventory:

Hand Weapons
 V - the +8 whip "Snakebite" (weapon) {curare, rPois}
   (You found it on level 4 of the Lair of Beasts)

   It poisons the flesh of those it strikes.
   It protects you from poison.
Missiles
 o - 2 throwing nets {=f, !d=f}
 p - 81 poisoned darts
 s - 14 curare-tipped darts
 L - 12 atropa-tipped darts (quivered)
Armour
 b - a +1 hat (worn)
 j - a +3 buckler of protection (worn) {AC+3}
   (You acquired it on level 11 of the Dungeon)
 m - a +0 pair of boots (worn)
   (You found it on level 1 of the Dungeon)
 t - a +2 pair of gloves (worn)
   (You bought it in a shop on level 2 of the Orcish Mines)
 O - a +2 robe of resistance (worn) {rC+, rF+}
   (You took it off Erolcha on level 9 of the Dungeon)
Jewellery
 E - a ring of fire (right hand) {rF+, rC-rF+, rC-}
   (You found it on level 2 of the Dungeon)
 F - an uncursed ring of protection from fire {rF+, !d}
   (You found it on level 1 of the Dungeon)
 G - an uncursed ring of flight {+Fly, !d}
   (You found it on level 4 of the Dungeon)
 I - an uncursed ring of protection from fire {rF+, !d}
   (You found it on level 4 of the Dungeon)
 N - a ring of positive energy (left hand) {rN+rN+}
   (You found it on level 3 of the Lair of Beasts)
Wands
 z - a wand of polymorph (25)
   (You found it on level 4 of the Dungeon)
 D - a wand of digging (5)
   (You found it on level 1 of the Lair of Beasts)
 M - a wand of paralysis (4)
   (You found it on level 8 of the Dungeon)
 Q - a wand of acid (5)
   (You found it on level 9 of the Dungeon)
 S - a wand of iceblast (16)
   (You found it on level 9 of the Dungeon)
Scrolls
 c - 3 scrolls of amnesia
 f - 4 scrolls of fog
 g - 3 scrolls of fear
 i - 5 scrolls of identify
 n - 2 scrolls of vulnerability {!r!r!r!r}
 v - a scroll of immolation {!r!r}
 w - 16 scrolls of remove curse
 y - 3 scrolls of enchant weapon
 T - a scroll of brand weapon
 W - a scroll of torment {!r!r}
Potions
 a - 2 potions of berserk rage {!q!q}
 d - 3 potions of might
 h - a potion of haste
 k - 2 potions of ambrosia
 q - 8 potions of curing
 r - 3 potions of flight
 u - a potion of magic
 x - 4 potions of stabbing
 A - a potion of invisibility
 C - 2 potions of lignification {!q!q}
 H - 2 potions of brilliance
 J - 3 potions of cancellation
Miscellaneous
 U - a sack of spiders
Comestibles
 e - 21 rations
 l - a chunk of flesh {@w0}


   Skills:
 - Level 5.0 Fighting
 + Level 8.3 Dodging
 - Level 2.4 Stealth
 - Level 4.0 Shields
 - Level 15.2 Spellcasting
 + Level 16.2 Conjurations
 - Level 5.2 Summonings
 - Level 1.1 Translocations
 + Level 15.1 Fire Magic
 - Level 2.0 Air Magic
 - Level 2.1 Earth Magic
 - Level 2.0 Poison Magic


You had 16 spell levels left.
You knew the following spells:

 Your Spells              Type           Power        Failure   Level  Hunger
a - Magic Dart            Conj           ####         0%          1    None
b - Blink                 Tloc           N/A          2%          2    None
c - Call Imp              Summ           ######..     1%          2    None
d - Shock                 Conj/Air       ####         1%          1    None
e - Iron Shot             Conj/Erth      ######....   2%          6    ###....
f - Fireball              Conj/Fire      ########..   1%          5    None
g - Orb of Destruction    Conj           #######...   1%          7    #####..
x - Mephitic Cloud        Conj/Pois/Air  ######..     1%          3    None

Your spell library contained the following spells:

 Spells                   Type           Power        Failure   Level  Hunger
 Starburst                Conj/Fire      ########..   1%          6    ###....
 Foxfire                  Conj/Fire      ####         0%          1    None
 Conjure Flame            Conj/Fire      ########     0%          3    None
 Inner Flame              Hex/Fire       #######.     1%          3    None
 Sticky Flame             Conj/Fire      ########     1%          4    None
 Bolt of Magma            Conj/Fire/Erth #######...   1%          5    None
 Iskenderun's Battlesphe  Conj/Chrm      ######..     1%          5    None
 Slow                     Hex            ###.....     3%          2    None
 Spellforged Servitor     Conj/Summ      ######....   6%          7    #####..
 Freezing Cloud           Conj/Ice/Air   ######....   8%          6    ###....
 Leda's Liquefaction      Hex/Erth       ####......   14%         4    None
 Ice Form                 Ice/Tmut       ###.....     22%         4    None
 Metabolic Englaciation   Hex/Ice        ###.......   52%         5    None
 Ozocubu's Refrigeration  Ice            ###.......   61%         6    ###....
 Statue Form              Tmut/Erth      ####.....    91%         6    ###....
 Simulacrum               Ice/Necr       ###.......   98%         6    ###....
 Shatter                  Erth           ####......   100%        9    #######


Dungeon Overview and Level Annotations

Branches:
Dungeon (14/15)            Temple (1/1) D:5            Lair (6/6) D:10
  Swamp (0/4) Lair:2        Snake (0/4) Lair:4        Slime (0/5) Lair:6
    Orc (2/2) D:11            Elf (0/3) Orc:2        Vaults (0/5) D:13
Ossuary (visited)           IceCv (visited)

Altars:
Ashenzari
Cheibriados
Dithmenos
Elyvilon
Fedhas
Gozag
Hepliaklqana
Kikubaaqudgha
Makhleb
Nemelex Xobeh
Okawaru
Qazlal
Ru
Sif Muna
Trog
Uskayaw
Vehumet
Wu Jian
Xom
Yredelemnul
Zin
The Shining One
Beogh
Jiyva

Shops:
D:10 :   Orc:2 [(:*

Portals:
Trove: D:11 (lose all piety)

Annotations:
D:2 Robin
D:9 Maurice
D:14 Louise
Lair:6 3 runed translucent doors


Innate Abilities, Weirdness & Mutations

[Your body often deteriorates upon taking damage.]
[You sometimes yell uncontrollably at your foes.]
[You are sometimes teleported next to monsters.]


Message History

A smoke demon comes into view.
Found a gateway leading out of the Abyss.
A thrashing horror comes into view.
You are suddenly pulled into a different region of the Abyss!
Found a gateway leading deeper into the Abyss.
There is a gateway leading deeper into the Abyss here.
Okay, then.
You feel yourself speed up.
Your extra speed is starting to run out.
You feel yourself slow down.
A spatial vortex comes into view.
You block the spatial vortex's attack.
A spatial vortex comes into view. x2
A spatial vortex comes into view.
A large abomination comes into view.
The large abomination hits you. The large abomination misses you.
You feel a surge of power!
The fireball explodes!
The fireball engulfs the large abomination!!
The large abomination hits you!!
The large abomination completely misses you.
You feel a surge of power!
The fireball explodes!
The fireball engulfs the large abomination!!
The large abomination hits you!
* * * LOW HITPOINT WARNING * * *
You feel a surge of power!
The fireball explodes!
The fireball engulfs the large abomination!!
You destroy the large abomination!
You feel your power returning.
You start resting.
A neqoxec punctures the fabric of the universe.
The neqoxec shouts!
Aim: a neqoxec You feel a surge of power!
The fireball explodes!
The fireball engulfs the neqoxec!!!
You kill the neqoxec!
You feel your power returning.
You now have 1031 gold pieces (gained 18).
Okay, then.
A raiju comes into view.
Aim: a raiju (hasn't noticed you)
You feel a surge of power!
The fireball explodes!
The fireball engulfs the raiju!!
The raiju barks!
Aim: a raiju (heavily wounded)
You feel a surge of power!
The fireball explodes!
The fireball engulfs the raiju!!
You kill the raiju!
You feel your power returning.
You see here a raiju corpse.
You butcher the raiju corpse.
l - a chunk of flesh {@w0} You see here a raiju skeleton.
A wretched star comes into view.
A white imp comes into view.
The wretched star pulses with an eldritch light!
You feel yourself wasting away.
You feel your body start to fall apart.
You feel weirdly uncertain.
You feel even more weirdly uncertain.
The wretched star pulses with an eldritch light!
You feel the urge to shout.
You feel a strong urge to yell.
A large abomination comes into view.
Okay, then.
Aim: a wretched star You feel a surge of power!
The fireball explodes!
The fireball engulfs the wretched star!!
The wretched star resists.
Aim: a wretched star (moderately damaged)
You feel a surge of power!
The fireball explodes!
The fireball engulfs the wretched star.
The wretched star resists.
The white imp shouts!
Aim: a wretched star (moderately damaged)
You feel a surge of power!
The fireball explodes!
The fireball engulfs the wretched star!
The wretched star resists.
You hear a roar!
The wretched star glows turbulently.
The lance of force hits you!
* * * LOW HITPOINT WARNING * * *
Your body deteriorates!
You feel weakened.
You are knocked back by the lance of force.
You slam into the metal wall!
* * * LOW HITPOINT WARNING * * *
You feel a surge of power!
The fireball explodes!
The fireball engulfs the wretched star!!
The wretched star resists.
* * * LOW MAGIC WARNING * * *
The wretched star glows turbulently.
The lance of force misses you.
You feel a surge of power!
The fireball explodes!
The fireball engulfs the wretched star.
The wretched star resists.
* * * LOW MAGIC WARNING * * *
You hear a screech!
The large abomination hits you!
* * * LOW HITPOINT WARNING * * *
The wretched star glows turbulently.
The lance of force hits you!!
* * * LOW HITPOINT WARNING * * *
You are knocked back by the lance of force.
You slam into the metal wall!
You die...

###. ## ## # #
#####...#....#
#..#.####.....
##.##..#.* # #...
##..# .#..
#.#####.##...#
####.##.....#
#..#......#...
#@*#....#..
......X........5...
........./.........
........#..........
......#............
#..................
.......####.......
....... ###..


You could see a wretched star and a large abomination.

Levels and vault maps discovered:
D:1:      scummos_arrival_star, layout_basic
D:2:      minmay_inner_zag, layout_basic, nicolae_overflow_hidden_temple,
          tso_oasis_becter, first_ration, uniq_sigmund, uniq_robin
D:3:      layout_rooms, marbit_many_paths, lemuel_round_altar, minivault_19
D:4:      layout_cave_pools, nicolae_overflow_crystal_walls,
          overflow_temple_1_default, nicolae_ossuary_entry_plus,
          saegor_snake_ambush, uniq_duvessa, uniq_natasha
D:5:      layout_rooms, kennysheep_mini, minmay_temple_entry_statues_fountains,
          kennysheep_generic_room_7
D:6:      layout_basic, old_standard_altar, nicolae_dithmenos_the_darkroom,
          makhleb_heckhound_becter
D:7:      layout_rooms, overflow_temple_1_default
D:8:      layout_cave_pools, basic_altar, hangedman_pestilent_swarm,
          minmay_misc_feat_tiny, uniq_pikel
D:9:      layout_grid_maze, nemelex_xobeh_ov_fountains_minmay,
          overflow_temple_1_default, uniq_maurice, uniq_erolcha
D:10:     layout_roguey, grunt_lair_entry_orc_guard_hut, serial_shops,
          shop_fountains, kennysheep_crisscross, st_stairs_12,
          small_statue_intersection
D:11:     layout_loops_ring, orc_0_dummy, enter_trove_0
D:12:     layout_stronghold, portal_ice_cave_rime
D:13:     layout_cave_pods, david_vaults_4, uniq_nessos, uniq_jorgrun
D:14:     layout_cave_pools, minmay_stone_trees_small, minmay_shattered_shrine,
          uniq_josephine, uniq_kirke, uniq_louise
Temple:   zaba_magenta_temple
Lair:1:   layout_gridlike, minivault_11, minivault_26, uniq_grum, uniq_maggie,
          uniq_nergalle
Lair:2:   layout_chaotic_city, minmay_swamp_entry_wisps, serial_bayou_shore_a
Lair:3:   layout_chaotic_city, serial_bayou_shore_b, lemuel_fruit_fields,
          uniq_fannar
Lair:4:   minmay_guarded_unrand_snakebite, layout_regular_city,
          minmay_snake_entry_guardpost_small
Lair:5:   layout_regular_city, serial_bayou_pond_b, cheibrodos_lair_reptile_den
Lair:6:   cheibrodos_lair_end_hotspot, layout_cave_pods, slime_altar_2
Orc:1:    layout_caves, uniq_sonja, uniq_harold
Orc:2:    grunt_orc_gardens, layout_caves, grunt_orc_garden, grunt_orc_garden,
          grunt_orc_garden, grunt_orc_garden, basic_altar
Abyss:2:  base:
Lair:6

Notes
Turn   | Place    | Note
-------+----------+-------------------------------------------
     0 | D:1      | drasked the Deep Elf Wizard began the quest for the Orb.
     0 | D:1      | Reached XP level 1. HP: 10/10 MP: 7/7
    32 | D:1      | Identified a +0 club
    64 | D:1      | Identified a +0 whip (You found it on level 1 of the
                  | Dungeon)
   135 | D:1      | Identified a +0 club
   139 | D:1      | Identified a +0 club
   142 | D:1      | Reached skill level 2 in Conjurations
   142 | D:1      | Reached XP level 2. HP: 15/15 MP: 2/9
   270 | D:1      | Identified a cursed -3 dagger
   270 | D:1      | Identified a +0 robe
   474 | D:1      | Identified a +0 club
   474 | D:1      | Identified a +0 whip
   570 | D:1      | Identified a +0 club
   654 | D:1      | Identified a +0 club
   658 | D:1      | Identified a +0 dagger
   756 | D:1      | Identified a +0 short sword
  1099 | D:1      | Learned a level 2 spell: Blink
  1102 | D:1      | Learned a level 2 spell: Call Imp
  1149 | D:2      | Reached XP level 3. HP: 19/19 MP: 9/11
  1149 | D:2      | Identified a +0 club
  1150 | D:2      | Identified a +0 club
  1151 | D:2      | Identified a +0 dagger
  1155 | D:2      | Reached skill level 5 in Spellcasting
  1158 | D:2      | Identified a +0 club
  1161 | D:2      | Reached skill level 3 in Conjurations
  1269 | D:2      | Identified a +0 short sword
  1275 | D:2      | Identified a +7 vorpal spear
  1275 | D:2      | Identified a +0 animal skin
  1275 | D:2      | Identified a +0 helmet
  1275 | D:2      | Noticed Robin
  1275 | D:2      | Identified a cursed -1 hunting sling
  1289 | D:2      | Identified a +0 club
  1291 | D:2      | Identified a +0 dagger
  1439 | D:2      | Found a glowing golden altar of the Shining One.
  1547 | D:2      | Found a bloodstained altar of Trog.
  1638 | D:2      | Identified a +0 scythe
  1638 | D:2      | Identified a +0 robe
  1638 | D:2      | Noticed Sigmund
  1644 | D:2      | Learned a level 3 spell: Mephitic Cloud
  1863 | D:2      | HP: 4/19 [poisoned by an adder]
  2155 | D:2      | Reached XP level 4. HP: 19/24 MP: 5/13
  2290 | D:2      | Identified a +0 club
  2449 | D:2      | Identified a +0 pair of boots (You found it on level 1 of
                  | the Dungeon)
  2454 | D:2      | Identified a +2 buckler (You found it on level 2 of the
                  | Dungeon)
  2685 | D:2      | Identified a +0 club
  3051 | D:2      | Killed Sigmund
  3051 | D:2      | Reached skill level 1 in Shields
  3051 | D:2      | Reached skill level 4 in Conjurations
  3051 | D:2      | Reached skill level 1 in Air Magic
  3051 | D:2      | Reached skill level 1 in Poison Magic
  3051 | D:2      | Reached XP level 5. HP: 28/28 MP: 3/15
  3051 | D:2      | Reached XP level 6. HP: 32/32 MP: 3/16
  3278 | D:3      | Found an opulent altar of Gozag.
  3363 | D:3      | Identified a +0 trident
  3369 | D:3      | Reached skill level 2 in Poison Magic
  3689 | D:3      | Identified a +0 dagger
  3738 | D:3      | Found a hazy altar of Hepliaklqana.
  3788 | D:3      | Identified an amulet of rage (You found it on level 1 of
                  | the Dungeon)
  3789 | D:3      | Identified a ring of fire (You found it on level 2 of the
                  | Dungeon)
  3790 | D:3      | Identified a ring of protection from fire (You found it on
                  | level 1 of the Dungeon)
  3795 | D:3      | Identified 3 scrolls of magic mapping
  3796 | D:3      | Identified 7 scrolls of identify
  3796 | D:3      | Identified 3 potions of curing
  3797 | D:3      | Identified 3 potions of flight
  3798 | D:3      | Identified a potion of haste
  3808 | D:4      | Found a shattered altar of Ashenzari.
  3809 | D:4      | Noticed Natasha
  3879 | D:4      | Found a sand-covered staircase.
  3884 | Ossuary  | Entered an ossuary
  4056 | Ossuary  | Reached skill level 2 in Air Magic
  4186 | Ossuary  | meem: I'm meem, an infobot run by MalcolmRoseGaming: Type
                  | !submeem to keep me in your games; !nomeem to shut me up
                  | forever; !meem for help; !whymeem if you want to know why
                  | meem exists. Visit http://youtube.com/malcolmrosegaming for
                  | more DCSS content.
  4313 | Ossuary  | Reached skill level 6 in Spellcasting
  4313 | Ossuary  | Reached skill level 5 in Conjurations
  5101 | D:4      | Identified 2 potions of degeneration
  5102 | D:4      | Identified a potion of ambrosia
  5103 | D:4      | Identified a potion of mutation
  5104 | D:4      | Identified a potion of might
  5137 | D:4      | Found a hide-covered altar of Uskayaw.
  5140 | D:4      | Identified a +0 short sword
  5140 | D:4      | Identified a cursed +0 leather armour
  5140 | D:4      | Noticed Duvessa
  5151 | D:4      | Identified a +0 dagger
  5151 | D:4      | Identified a +1 robe
  5151 | D:4      | Noticed Dowan
  5170 | D:4      | Killed Dowan
  5305 | D:4      | Reached XP level 7. HP: 28/36 MP: 9/18
  5307 | D:4      | Reached skill level 2 in Shields
  5307 | D:4      | Reached skill level 2 in Summonings
  5307 | D:4      | Identified a +0 dagger
  5307 | D:4      | Identified a cursed -1 robe
  5459 | D:4      | Killed Duvessa
  5676 | D:4      | Killed Natasha
  5768 | D:4      | Noticed Natasha
  5777 | D:4      | Killed Natasha
  5777 | D:4      | Reached skill level 7 in Spellcasting
  5855 | D:4      | Noticed Natasha
  5865 | D:4      | Killed Natasha
  5865 | D:4      | Reached skill level 3 in Summonings
  6275 | D:5      | Entered Level 5 of the Dungeon
  6276 | D:5      | Identified a ring of flight (You found it on level 4 of the
                  | Dungeon)
  6315 | D:5      | Reached skill level 3 in Shields
  6498 | D:5      | Identified a cursed +0 falchion
  6498 | D:5      | Identified a +0 ring mail
  6498 | D:5      | Identified a +0 club
  6498 | D:5      | Identified a +1 vorpal hand axe
  6510 | D:5      | Identified a +0 giant club
  6728 | D:5      | Identified a +0 flail
  6728 | D:5      | Identified a +4 scale mail
  7116 | D:5      | Reached skill level 4 in Summonings
  7116 | D:5      | Reached XP level 8. HP: 41/41 MP: 9/20
  7127 | D:5      | Reached skill level 4 in Shields
  7321 | D:5      | You fall into a shaft and drop 2 floors!
  7361 | D:6      | Identified a +1 falchion of draining
  7361 | D:6      | Identified a +0 leather armour
  7361 | D:6      | Identified a +0 mace
  7361 | D:6      | Identified a +0 war axe
  7361 | D:6      | Identified a +0 chain mail
  7361 | D:6      | Identified a cursed -2 dagger
  7361 | D:6      | Identified a +0 robe
  7403 | D:6      | Identified a +0 leather armour
  7407 | D:6      | Identified a +0 dagger
  7407 | D:6      | Identified a +0 robe
  7504 | D:6      | Found an ancient bone altar of Kikubaaqudgha.
  7520 | D:5      | Identified a +0 flail
  7594 | D:5      | Identified a +0 chain mail
  7781 | D:5      | Identified a +0 shortbow
  7793 | D:5      | Found a shimmering blue altar of Sif Muna.
  7810 | D:5      | Found a staircase to the Ecumenical Temple.
  7831 | Temple   | Entered the Ecumenical Temple
  7996 | Temple   | Became a worshipper of Vehumet
  8079 | D:5      | Identified 2 potions of heal wounds
  8201 | D:6      | Identified a +0 shortbow
  8201 | D:6      | Identified a cursed ring of teleportation
  8212 | D:6      | Reached skill level 6 in Conjurations
  8212 | D:6      | Reached skill level 5 in Summonings
  8221 | D:6      | Identified a +0 club
  8226 | D:6      | Identified a +0 short sword
  8226 | D:6      | Identified a +0 plate armour
  8375 | D:6      | Identified a +0 dagger
  8375 | D:6      | Identified a +0 robe
  8375 | D:6      | Identified a +0 dagger
  8375 | D:6      | Identified a +0 robe
  8376 | D:6      | Identified a +0 flail
  8376 | D:6      | Identified a +0 ring mail
  8385 | D:6      | Identified a +0 leather armour
  8507 | D:6      | Found a burning altar of Makhleb.
  8549 | D:6      | Reached skill level 3 in Dodging
  8654 | D:6      | Identified a +0 flail
  8654 | D:6      | Identified a +0 leather armour
  8667 | D:6      | Identified a +0 trident
  8703 | D:6      | Reached skill level 1 in Fighting
  9095 | D:6      | Identified a +0 spear
  9136 | D:6      | Identified a +0 spear
  9145 | D:6      | Identified a +0 flail
  9182 | D:6      | Identified a cursed -2 club
  9182 | D:6      | Identified a +0 leather armour
  9462 | D:6      | Found a shadowy altar of Dithmenos.
  9953 | D:6      | Reached skill level 2 in Fighting
  9953 | D:6      | Reached skill level 4 in Dodging
 10108 | D:7      | Identified a +0 giant spiked club
 10116 | D:7      | Reached skill level 7 in Conjurations
 10214 | D:7      | Reached * piety under Vehumet
 10214 | D:7      | Offered knowledge of Shock by Vehumet.
 10217 | D:7      | Learned a level 1 spell: Shock
 10252 | D:7      | Reached XP level 9. HP: 49/49 MP: 8/21
 10317 | D:7      | Identified a +0 mace
 10461 | D:7      | Identified a +0 whip
 10467 | D:7      | Identified a +0 whip
 10468 | D:7      | Identified a +0 dagger
 10718 | D:7      | Reached skill level 5 in Dodging
 10868 | D:7      | Reached skill level 3 in Fighting
 10911 | D:7      | Found an ornate altar of the Wu Jian Council.
 11017 | D:8      | Found a shimmering blue altar of Sif Muna.
 11019 | D:8      | Identified a +0 falchion
 11019 | D:8      | Identified a +0 ring mail
 11024 | D:8      | Identified a +0 short sword
 11024 | D:8      | Identified a +0 leather armour
 11026 | D:8      | Identified a +0 falchion
 11039 | D:8      | Identified a +0 war axe
 11039 | D:8      | Identified a +0 chain mail
 11041 | D:8      | Identified a +2 dagger of flaming
 11041 | D:8      | Identified a +0 leather armour
 11043 | D:8      | Identified a +1 whip of electrocution
 11043 | D:8      | Identified a +0 robe
 11043 | D:8      | Noticed Pikel
 11044 | D:8      | Identified a +0 flail
 11047 | D:8      | Identified a +0 dagger
 11609 | D:8      | Identified a +0 shortbow
 11620 | D:8      | Identified a +0 shortbow
 12215 | D:8      | Killed Pikel
 12215 | D:8      | Reached skill level 4 in Fighting
 12215 | D:8      | Reached skill level 6 in Dodging
 12215 | D:8      | Reached skill level 8 in Conjurations
 12939 | D:8      | Identified a ring of protection (You found it on level 8 of
                  | the Dungeon)
 12940 | D:8      | Identified 8 scrolls of remove curse
 12997 | D:8      | Identified 2 scrolls of fear
 12998 | D:8      | Identified 2 scrolls of amnesia
 12999 | D:8      | Identified 3 scrolls of teleportation
 13000 | D:8      | Identified 2 scrolls of enchant weapon
 13262 | D:9      | Reached ** piety under Vehumet
 13400 | D:9      | Found a sparkling altar of Nemelex Xobeh.
 13408 | D:9      | Identified a +0 flail
 13408 | D:9      | Identified a +0 chain mail
 13809 | D:9      | Identified a cursed +0 short sword
 13809 | D:9      | Identified a +1 cloak of poison resistance
 13809 | D:9      | Noticed Maurice
 13906 | D:9      | Learned a level 6 spell: Iron Shot
 14131 | D:9      | Found a shimmering altar of Xom.
 14154 | D:9      | Identified a +0 giant spiked club
 14154 | D:9      | Identified a +2 robe of resistance
 14154 | D:9      | Noticed Erolcha
 14345 | D:9      | Killed Erolcha
 14345 | D:9      | Offered knowledge of Sandblast by Vehumet.
 14345 | D:9      | Reached skill level 7 in Dodging
 14345 | D:9      | Reached skill level 1 in Earth Magic
 14345 | D:9      | Reached XP level 10. HP: 58/58 MP: 2/22
 14723 | D:9      | Identified 2 scrolls of immolation
 14801 | D:10     | Entered Level 10 of the Dungeon
 15003 | D:10     | Reached skill level 2 in Earth Magic
 15267 | D:10     | Identified a +0 dagger
 15267 | D:10     | Identified a +0 robe
 15270 | D:10     | Identified a +0 trident
 15270 | D:10     | Identified a +0 leather armour
 15275 | D:10     | Identified a cursed -1 club
 15363 | D:10     | Found Qoattesk's Book Shop.
 15371 | D:10     | Bought a book of Flames for 525 gold pieces
 15377 | D:10     | Learned a level 5 spell: Fireball
 15801 | D:10     | Reached skill level 1 in Fire Magic
 15845 | D:10     | Identified a +0 leather armour
 16057 | D:10     | Reached skill level 2 in Fire Magic
 16208 | D:10     | Killed an unseen horror
 16208 | D:10     | Reached skill level 3 in Fire Magic
 16253 | D:10     | Found a staircase to the Lair.
 16253 | D:10     | Identified a +0 scimitar
 16253 | D:10     | Identified a +0 chain mail
 16277 | D:10     | Reached skill level 4 in Fire Magic
 16436 | D:11     | Identified a +0 giant club
 16436 | D:11     | Identified a +0 giant club
 16436 | D:11     | Noticed a two-headed ogre
 16439 | D:11     | Identified a cursed -3 giant club
 16448 | D:11     | Killed a two-headed ogre
 16448 | D:11     | Reached skill level 5 in Fire Magic
 16687 | D:10     | Reached skill level 6 in Fire Magic
 16844 | D:11     | Identified a cursed -2 falchion
 16844 | D:11     | Identified a +0 chain mail
 16844 | D:11     | Identified a +0 club
 16846 | D:11     | Identified a +0 mace
 16846 | D:11     | Identified a +0 plate armour
 16848 | D:11     | Identified a +0 dagger
 16848 | D:11     | Identified a +0 robe
 17050 | D:11     | Found a portal to a secret trove of treasure.
 17093 | D:11     | Noticed a green ugly thing
 17157 | D:11     | Reached skill level 7 in Fire Magic
 17475 | D:10     | Identified a +0 dagger
 17554 | D:11     | Found a staircase to the Orcish Mines.
 17677 | D:11     | Reached skill level 8 in Fire Magic
 17712 | D:11     | Identified a +0 short sword
 17714 | D:11     | Reached skill level 9 in Conjurations
 17715 | D:11     | Identified a +0 war axe
 17715 | D:11     | Identified a +0 leather armour
 18043 | D:11     | Killed a green ugly thing
 18661 | D:12     | Reached XP level 11. HP: 41/62 MP: 2/24
 18835 | D:12     | Found a frozen archway.
 18841 | IceCv    | Entered an ice cave
 18841 | IceCv    | Noticed a white ugly thing
 18952 | D:12     | Identified a +0 short sword
 18952 | D:12     | Noticed a deep elf mage
 18964 | D:12     | Killed a deep elf mage
 18964 | D:12     | Reached skill level 8 in Spellcasting
 18997 | D:12     | Offered knowledge of Dazzling Flash by Vehumet.
 19005 | D:12     | Identified a +0 short sword
 19407 | Lair:1   | Entered Level 1 of the Lair of Beasts
 19411 | Lair:1   | Identified a +0 dagger
 19411 | Lair:1   | Identified a +0 robe
 19411 | Lair:1   | Noticed Nergalle
 19429 | Lair:1   | Identified a +0 glaive
 19429 | Lair:1   | Identified +0 acid dragon scales
 19429 | Lair:1   | Noticed Maggie
 19574 | Lair:1   | Identified a +0 hand axe
 19574 | Lair:1   | Identified a cursed -2 hand axe
 19574 | Lair:1   | Identified a +0 scale mail
 19574 | Lair:1   | Identified a +0 long sword
 19574 | Lair:1   | Identified a +0 chain mail
 19583 | D:10     | HP: 11/62 [Nergalle/bolt of negative energy (51)]
 19590 | D:10     | Identified a +2 battleaxe
 19590 | D:10     | Identified a +0 chain mail
 19590 | D:10     | Noticed a spectral orc warlord
 19836 | Lair:1   | Killed Maggie
 19949 | D:10     | Identified 4 potions of stabbing
 19950 | D:10     | Identified 2 potions of cancellation
 19951 | D:10     | Identified 2 potions of berserk rage
 19952 | D:10     | Identified a potion of brilliance
 19953 | D:10     | Identified 2 scrolls of enchant armour
 19954 | D:10     | Identified 2 scrolls of summoning
 19954 | D:10     | Identified a +0 flail
 19954 | D:10     | Identified a +0 chain mail
 19954 | D:10     | Identified a +1 vorpal hand axe
 19954 | D:10     | Identified a cursed -2 ring mail
 19954 | D:10     | Identified a +0 giant spiked club
 20080 | D:10     | Identified 2 scrolls of noise
 20087 | Lair:1   | Reached skill level 9 in Fire Magic
 20608 | D:10     | HP: 7/62 [Nergalle/bolt of negative energy (30)]
 20796 | D:10     | Reached skill level 10 in Conjurations
 20950 | D:10     | Reached skill level 9 in Spellcasting
 21324 | D:10     | Killed Nergalle
 21464 | Lair:1   | Reached skill level 10 in Spellcasting
 21615 | Lair:1   | Reached skill level 10 in Fire Magic
 21623 | Lair:1   | Identified a -1 glaive
 21623 | Lair:1   | Identified a +0 animal skin
 21623 | Lair:1   | Noticed Grum
 21641 | Lair:1   | Reached *** piety under Vehumet
 21643 | Lair:1   | Killed Grum
 23107 | Lair:2   | Found a staircase to the Swamp.
 23838 | Lair:2   | Offered knowledge of Airstrike by Vehumet.
 24115 | Lair:3   | Noticed a six-headed hydra
 24121 | Lair:3   | Killed a six-headed hydra
 24121 | Lair:3   | Reached skill level 11 in Spellcasting
 24121 | Lair:3   | Reached XP level 12. HP: 68/68 MP: 3/29
 24407 | Lair:3   | Reached skill level 11 in Fire Magic
 24496 | Lair:3   | Reached skill level 11 in Conjurations
 24642 | Lair:3   | Noticed an eight-headed hydra
 24646 | Lair:3   | Killed an eight-headed hydra
 24797 | Lair:3   | Reached **** piety under Vehumet
 24814 | Lair:3   | Reached skill level 12 in Spellcasting
 25123 | Lair:3   | Identified a +2 robe of cold resistance
 25123 | Lair:3   | Noticed Fannar
 25471 | Lair:3   | Killed Fannar
 25546 | Lair:3   | Identified a ring of positive energy (You found it on level
                  | 3 of the Lair of Beasts)
 25758 | Lair:4   | Identified a +0 trident
 25762 | Lair:4   | Identified a +0 scimitar
 25762 | Lair:4   | Identified a +0 robe
 25763 | Lair:4   | Offered knowledge of Ignite Poison by Vehumet.
 25765 | Lair:4   | Identified a +0 hand axe
 25765 | Lair:4   | Identified a +0 robe
 25968 | Lair:4   | Found a staircase to the Snake Pit.
 26047 | Lair:4   | Reached skill level 12 in Conjurations
 26047 | Lair:4   | Reached skill level 12 in Fire Magic
 26504 | Lair:4   | Noticed a four-headed hydra
 26509 | Lair:4   | Killed a four-headed hydra
 26793 | Lair:4   | Reached skill level 13 in Spellcasting
 26932 | Lair:4   | Found the +8 whip "Snakebite" {curare, rPois}
 27220 | Lair:5   | Reached XP level 13. HP: 44/72 MP: 17/32
 27476 | Lair:5   | Learned a level 7 spell: Orb of Destruction
 28218 | Lair:6   | Entered Level 6 of the Lair of Beasts
 28231 | Lair:5   | Identified a +1 pair of gloves (You found it on level 5 of
                  | the Lair of Beasts)
 28293 | Lair:6   | Reached ***** piety under Vehumet
 28293 | Lair:6   | Offered knowledge of Hailstorm by Vehumet.
 28565 | Lair:6   | Reached skill level 13 in Conjurations
 28592 | Lair:6   | Reached skill level 14 in Spellcasting
 29371 | Lair:6   | Identified an amulet of inaccuracy (You found it on level 6
                  | of the Lair of Beasts)
 29649 | Lair:6   | Identified a +0 flail
 29667 | Lair:6   | Identified a +0 mace
 29932 | Lair:6   | Reached skill level 15 in Spellcasting
 30052 | Lair:6   | Found a runed translucent door.
 30052 | Lair:6   | Found a viscous altar of Jiyva.
 30052 | Lair:6   | Found a staircase to the Slime Pits.
 30052 | Lair:6   | Noticed an acid blob
 30052 | Lair:6   | Noticed an acid blob
 30052 | Lair:6   | Noticed an acid blob
 30162 | Lair:6   | Identified a +0 dire flail
 30319 | Lair:6   | Noticed a fire dragon
 30366 | Lair:6   | Reached skill level 14 in Conjurations
 30390 | Lair:6   | Identified +0 steam dragon scales
 30728 | Lair:6   | Found a large runed translucent door.
 30729 | Lair:6   | Found a large runed translucent door.
 31381 | Lair:6   | drasked: ?? curare
 31381 | Lair:6   | meem: curare[1/2]: A type of poison that will slow you,
                  | poison you, and do large impact damage (called
                  | asphyxiation). To avoid it you can use eXamine to avoid
                  | being in any blowgun wielding creature's line of fire for
                  | too long. Poison resistance prevents the poisoning and
                  | asphyxiation, as well as the slowing (being undead will
                  | too).
 31381 | Lair:6   | beem: curare[1/2]: A type of poison that will slow you,
                  | poison you, and do large impact damage (called
                  | asphyxiation). To avoid it you can use eXamine to avoid
                  | being in any blowgun wielding creature's line of fire for
                  | too long. Poison resistance prevents the poisoning and
                  | asphyxiation, as well as the slowing (being undead will
                  | too).
 31556 | Orc:1    | Entered Level 1 of the Orcish Mines
 31556 | Orc:1    | Identified a +0 dagger
 31556 | Orc:1    | Identified a +0 leather armour
 31556 | Orc:1    | Identified a +0 hand axe
 31556 | Orc:1    | Identified a +0 war axe
 31556 | Orc:1    | Identified a +0 chain mail
 31557 | Orc:1    | Identified a +0 troll leather armour
 31557 | Orc:1    | Identified a +0 dagger
 31557 | Orc:1    | Identified a +0 dagger
 31557 | Orc:1    | Identified a +0 robe
 31558 | Orc:1    | Identified a +0 dire flail
 31558 | Orc:1    | Identified a +2 plate armour of magic resistance
 31558 | Orc:1    | Identified a +2 great mace of holy wrath
 31558 | Orc:1    | Identified a +0 chain mail of magic resistance
 31558 | Orc:1    | Noticed an orc warlord
 31559 | Orc:1    | Identified a +0 troll leather armour
 31559 | Orc:1    | Identified a +0 battleaxe
 31559 | Orc:1    | Identified a +0 plate armour
 31559 | Orc:1    | Identified a +0 whip
 31561 | Orc:1    | Identified a +0 hand axe
 31561 | Orc:1    | Identified a +4 hand axe
 31561 | Orc:1    | Identified a +0 flail
 31561 | Orc:1    | Identified a +0 leather armour
 31561 | Orc:1    | Identified a +2 antimagic dire flail
 31561 | Orc:1    | Identified a +0 ring mail
 31561 | Orc:1    | Noticed Harold
 31561 | Orc:1    | Identified a +0 hand axe
 31561 | Orc:1    | Identified a +0 chain mail
 31562 | Orc:1    | Identified a +0 war axe
 31563 | Orc:1    | Identified a +0 dagger
 31563 | Orc:1    | Identified a +0 flail
 31563 | Orc:1    | Identified a +0 chain mail
 31564 | Orc:1    | Identified a +0 flail
 31565 | Orc:1    | Identified a +0 hand axe
 31565 | Orc:1    | Identified a +0 chain mail
 31567 | Orc:1    | Identified a +0 giant club
 31568 | Orc:1    | Identified a +0 giant club
 31569 | Orc:1    | Killed an orc warlord
 31569 | Orc:1    | Reached skill level 13 in Fire Magic
 31569 | Orc:1    | Identified a +0 spear
 31569 | Orc:1    | Identified a +0 dagger
 31569 | Orc:1    | Identified a +0 robe
 31569 | Orc:1    | Identified a +0 halberd
 31734 | D:11     | Killed Harold
 31734 | D:11     | Reached XP level 14. HP: 76/76 MP: 31/35
 32235 | Orc:1    | You fall into a shaft and drop 1 floor!
 32235 | Orc:2    | Entered Level 2 of the Orcish Mines
 32235 | Orc:2    | Found a staircase to the Elven Halls.
 32235 | Orc:2    | Found Kieh's Book Shoppe.
 32235 | Orc:2    | Identified a +0 long sword
 32235 | Orc:2    | Identified a +0 plate armour
 32235 | Orc:2    | Identified a +1 vorpal halberd
 32235 | Orc:2    | Identified a +0 plate armour
 32235 | Orc:2    | Identified a +0 dagger
 32235 | Orc:2    | Identified a +0 chain mail
 32235 | Orc:2    | Identified a +0 glaive
 32235 | Orc:2    | Identified a +0 chain mail
 32235 | Orc:2    | Identified a +0 flail
 32235 | Orc:2    | Identified a cursed -2 chain mail
 32236 | Orc:2    | Identified a +0 glaive
 32236 | Orc:2    | Identified a +0 mace
 32236 | Orc:2    | Identified a +0 plate armour
 32236 | Orc:2    | Identified a +0 flail
 32236 | Orc:2    | Identified a +0 chain mail
 32236 | Orc:2    | Identified a +0 whip
 32236 | Orc:2    | Identified a +0 war axe
 32236 | Orc:2    | Identified a +0 chain mail
 32238 | Orc:2    | Identified a cursed -1 whip
 32238 | Orc:2    | Identified a +0 ring mail
 32238 | Orc:2    | Identified a +0 club
 32238 | Orc:2    | Identified a cursed -3 dagger
 32238 | Orc:2    | Identified a +0 scale mail
 32238 | Orc:2    | Identified a +0 dagger
 32238 | Orc:2    | Identified a +0 robe
 32239 | Orc:2    | Identified a +0 dagger
 32239 | Orc:2    | Identified a +2 robe of magic resistance
 32239 | Orc:2    | Identified a +1 antimagic hand axe
 32239 | Orc:2    | Identified a +0 chain mail
 32245 | Orc:2    | Paralysed by an orc sorcerer for 6 turns
 32347 | Orc:2    | Identified a +0 giant club
 32362 | Orc:2    | Identified a +0 war axe
 32362 | Orc:2    | Identified a +0 leather armour
 32373 | Orc:2    | HP: 13/76 [orc high priest/divine providence (16)]
 32374 | Orc:2    | HP: 2/76 [hellwing[an orc high priest] (6)]
 32382 | Orc:2    | Identified a +0 hand axe
 32382 | Orc:2    | Identified a +0 plate armour
 32391 | Orc:2    | Identified 2 potions of lignification
 32392 | Orc:2    | Identified 2 potions of magic
 32393 | Orc:2    | Identified a potion of invisibility
 32394 | Orc:2    | Identified a scroll of vulnerability
 32395 | Orc:2    | Identified a scroll of random uselessness
 32396 | Orc:2    | Identified 3 scrolls of fog
 32397 | Orc:2    | Identified 2 scrolls of blinking
 32398 | Orc:2    | Identified a scroll of brand weapon
 32399 | Orc:2    | Identified a scroll of acquirement
 32400 | Orc:2    | Identified a scroll of torment
 32422 | Orc:2    | Identified a +0 dagger
 32422 | Orc:2    | Identified a +0 robe
 32429 | Orc:2    | HP: 15/76 [orc sorcerer/bolt of fire (9)]
 32433 | Orc:2    | Identified a +0 dagger
 32433 | Orc:2    | Identified a +0 robe
 32434 | Orc:2    | Offered knowledge of Starburst by Vehumet.
 32444 | Orc:2    | Identified a +0 trident
 32444 | Orc:2    | Identified a +0 plate armour
 32445 | Orc:2    | Identified a +0 battleaxe
 32445 | Orc:2    | Identified a +0 leather armour
 32449 | Orc:2    | Identified a +0 long sword
 32449 | Orc:2    | Identified a +0 plate armour
 32490 | Orc:2    | Found Riynil's Antique Weapon Shoppe.
 32492 | Orc:2    | Identified a +0 glaive
 32492 | Orc:2    | Identified a +0 plate armour
 32492 | Orc:2    | Identified a +1 long sword
 32492 | Orc:2    | Identified a +0 plate armour
 32494 | Orc:2    | Identified a +0 club
 32494 | Orc:2    | Identified a +0 chain mail
 32496 | Orc:2    | HP: 14/76 [orc high priest/divine providence (13)]
 32497 | Orc:2    | Identified a +0 hand axe
 32497 | Orc:2    | Identified a +1 leather armour of cold resistance
 32508 | Orc:2    | Identified a +0 long sword
 32508 | Orc:2    | Identified a +1 plate armour of fire resistance
 32509 | Orc:2    | Identified a +0 giant club
 32512 | Orc:2    | Identified a +0 hand axe
 32512 | Orc:2    | Identified a +0 plate armour
 32514 | Orc:1    | Identified a +0 glaive
 32514 | Orc:1    | Identified a +0 ring mail
 32514 | Orc:1    | Identified a +0 short sword of distortion
 32514 | Orc:1    | Noticed Sonja
 32514 | Orc:1    | Identified a +0 hand axe
 32514 | Orc:1    | Identified a +0 chain mail
 32514 | Orc:1    | Identified a +0 mace
 32514 | Orc:1    | Identified a +0 plate armour
 32514 | Orc:1    | Identified a +2 short sword of protection
 32514 | Orc:1    | Identified a +0 plate armour
 32514 | Orc:1    | HP: 11/76 [asphyx]
 32537 | D:11     | Identified a +1 buckler of protection (You acquired it on
                  | level 11 of the Dungeon)
 32799 | Orc:1    | Killed Sonja
 33003 | Orc:1    | Identified a +0 short sword
 33373 | Orc:2    | Found Kodyilor's Antique Armour Shoppe.
 33373 | Orc:2    | Identified a +0 battleaxe
 33373 | Orc:2    | Identified a +0 chain mail
 33373 | Orc:2    | Noticed an orc warlord
 33373 | Orc:2    | Identified a +2 war axe
 33373 | Orc:2    | Identified a +2 chain mail of poison resistance
 33373 | Orc:2    | Noticed an orc warlord
 33373 | Orc:2    | Identified a +0 glaive
 33373 | Orc:2    | Identified a cursed -2 plate armour
 33373 | Orc:2    | Identified a +0 falchion
 33373 | Orc:2    | Identified a +0 leather armour
 33373 | Orc:2    | Identified a +0 dagger
 33373 | Orc:2    | Identified a +0 leather armour
 33373 | Orc:2    | Identified a +1 vorpal mace
 33373 | Orc:2    | Identified a cursed -2 dagger
 33373 | Orc:2    | Identified a +0 robe
 33373 | Orc:2    | Identified a +0 scimitar
 33373 | Orc:2    | Identified a +0 plate armour
 33373 | Orc:2    | Identified a +0 giant club
 33373 | Orc:2    | Identified a +0 scimitar
 33373 | Orc:2    | Identified a +0 chain mail
 33615 | Orc:2    | Found Vaec's General Store.
 33615 | Orc:2    | Identified a +1 hand axe of holy wrath
 33615 | Orc:2    | Identified a +0 plate armour
 33615 | Orc:2    | Identified a +0 halberd
 33615 | Orc:2    | Identified a +0 chain mail
 33615 | Orc:2    | Identified a +0 dagger
 33615 | Orc:2    | Identified a +0 robe
 33649 | Orc:2    | Identified a +0 giant club
 33650 | Orc:2    | Identified a +0 trident
 33653 | Orc:2    | Identified a +0 dagger
 33653 | Orc:2    | Identified a +0 robe
 33654 | Orc:2    | Identified a +0 troll leather armour
 33654 | Orc:2    | Reached skill level 15 in Conjurations
 33654 | Orc:2    | Paralysed by an orc sorcerer for 5 turns
 33654 | Orc:2    | Identified a +0 dagger
 33654 | Orc:2    | Identified a +0 robe
 33777 | Orc:2    | Identified a +0 dire flail
 33777 | Orc:2    | Identified a +0 plate armour
 33784 | Orc:1    | Killed an orc warlord
 33946 | Orc:1    | Identified a +0 troll leather armour
 34011 | Orc:1    | Killed an orc warlord
 34011 | Orc:1    | Reached skill level 14 in Fire Magic
 34497 | Orc:2    | Identified a +0 battleaxe
 34497 | Orc:2    | Identified a +0 chain mail
 34517 | Orc:2    | Paralysed by an orc sorcerer for 7 turns
 34518 | Orc:2    | Identified a +0 long sword
 34518 | Orc:2    | Identified a +0 plate armour
 34538 | Orc:2    | Identified a +0 dagger
 34665 | Orc:2    | Identified a +0 falchion
 34995 | Orc:2    | Bought a pair of runed gloves for 165 gold pieces
 34995 | Orc:2    | Bought a pair of embroidered gloves for 165 gold pieces
 34995 | Orc:2    | Bought a pair of transparent boots for 209 gold pieces
 35005 | Orc:2    | Identified the +2 pair of boots of Cugee {-Cast rF++ MR+}
                  | (You bought it in a shop on level 2 of the Orcish Mines)
 35005 | Orc:2    | drasked: ?? -cast
 35005 | Orc:2    | meem: -cast[1/1]: If an artefact says -CAST, that means you
                  | can't cast any spells with it equipped.
 35005 | Orc:2    | beem: -cast[1/1]: If an artefact says -CAST, that means you
                  | can't cast any spells with it equipped.
 35026 | Orc:2    | Identified a +1 pair of gloves (You bought it in a shop on
                  | level 2 of the Orcish Mines)
 35036 | Orc:2    | Identified a +2 pair of gloves (You bought it in a shop on
                  | level 2 of the Orcish Mines)
 35072 | Orc:2    | Identified a +0 long sword
 35072 | Orc:2    | Identified a +0 chain mail
 35083 | Orc:2    | Identified a +0 dagger
 35083 | Orc:2    | Identified a +0 robe
 35355 | Orc:2    | Found a roughly hewn altar of Beogh.
 35645 | D:12     | Identified a +0 giant club
 35645 | D:12     | Identified a +0 giant spiked club
 35859 | D:12     | Identified a +0 trident
 35859 | D:12     | Identified a +0 chain mail
 35859 | D:12     | Identified a +0 mace
 35861 | D:12     | Identified a +0 dagger
 35861 | D:12     | Identified a +0 robe
 35862 | D:12     | Identified a +0 war axe of flaming
 36197 | D:12     | Identified a +0 giant spiked club
 36197 | D:12     | Identified a +0 giant spiked club
 36295 | D:12     | Identified a +0 scimitar
 36295 | D:12     | Identified a +0 chain mail
 36295 | D:12     | Identified a +0 hand axe
 36295 | D:12     | Identified a +0 leather armour
 36296 | D:12     | Identified a +0 dagger
 36296 | D:12     | Identified a cursed +0 robe
 36736 | D:13     | Identified a +0 short sword
 36739 | D:13     | Identified a +1 longbow of flaming
 36739 | D:13     | Identified a +0 centaur barding
 36739 | D:13     | Noticed Nessos
 36739 | D:13     | Identified a +0 dagger
 36739 | D:13     | Identified a +0 robe
 36740 | D:13     | Identified a +0 mace
 36740 | D:13     | Identified a +0 leather armour
 36743 | D:13     | Identified a +0 ring mail
 36924 | D:13     | Killed Nessos
 37181 | D:13     | Identified a +0 whip
 37183 | D:13     | Identified a +0 dagger
 37185 | D:13     | Identified a +0 club
 37185 | D:13     | Identified a +0 dagger
 37186 | D:13     | Identified a +0 dagger
 37187 | D:13     | Identified a +0 short sword
 37191 | D:13     | Identified a +0 dagger
 37192 | D:13     | Reached skill level 16 in Conjurations
 37374 | D:13     | Identified a +0 buckler
 37378 | D:13     | Identified a +0 robe
 37378 | D:13     | Noticed Jorgrun
 37382 | D:13     | Killed Jorgrun
 37382 | D:13     | Reached skill level 5 in Fighting
 37499 | D:13     | Identified a cursed +0 club
 37502 | D:13     | Identified a +0 dagger
 37502 | D:13     | Identified a +0 robe
 37503 | D:13     | Identified a +0 quarterstaff
 37503 | D:13     | Identified a +0 robe
 37503 | D:13     | Identified a +0 trident
 37503 | D:13     | Identified a +0 leather armour
 37504 | D:13     | Identified a +0 dagger
 37504 | D:13     | Identified a +0 chain mail
 37511 | D:13     | Identified +0 acid dragon scales
 37655 | D:13     | Got a bloodstained scale mail
 37852 | D:13     | Identified a +0 giant club
 37852 | D:13     | Identified a +0 giant spiked club
 37855 | D:13     | Reached skill level 15 in Fire Magic
 38132 | D:13     | Identified a cursed -3 dagger
 38132 | D:13     | Identified a +0 robe
 38133 | D:13     | Reached skill level 8 in Dodging
 38482 | D:13     | Found a gate to the Vaults.
 38568 | D:14     | Identified a +1 morningstar of protection
 38568 | D:14     | Identified a +0 plate armour
 38569 | D:14     | Identified a +0 dagger
 38571 | D:14     | Identified a +0 short sword
 38574 | D:14     | Identified a +0 ring mail
 38576 | D:14     | Identified a +0 war axe
 38576 | D:14     | Identified a +1 leather armour of fire resistance
 38671 | D:14     | Identified a +0 giant spiked club
 38671 | D:14     | Identified a cursed +0 giant club
 38812 | D:14     | Identified a +0 short sword
 38842 | D:14     | Identified a +3 morningstar of holy wrath
 38842 | D:14     | Identified a +0 plate armour
 38842 | D:14     | Identified a +0 tower shield
 38842 | D:14     | Noticed Louise
 38845 | D:14     | Cast into level 2 of the Abyss (Louise)
 39150 | Abyss:2  | HP: 1/78 [wretched star/lance of force (22)]
 39150 | Abyss:2  | Collided with a metal wall

Table legend:
 A = Turns spent in this place as a percentage of turns spent in the entire game.
 B = Non-inter-level travel turns spent in this place as a percentage of non-inter-level travel turns spent in the entire game.
 C = Inter-level travel turns spent in this place as a percentage of turns spent in this place.
 D = Turns resting spent in this place as a percentage of non-inter-level travel turns spent in this place.
 E = Turns spent auto-exploring this place as a percentage of non-inter-level travel turns spent in this place.
 F = Non-inter-level travel turns spent in this place divided by the number of levels of this place that you've seen.
                   A       B       C       D       E      F
               +-------+-------+-------+-------+-------+----------------------
         Total | 100.0 | 100.0 |   5.1 |  47.2 |  33.0 | 1428.3
       Dungeon |  60.3 |  60.1 |   5.5 |  47.0 |  31.4 | 1594.6
        Temple |   0.5 |   0.4 |  24.0 |  54.4 |  43.4 | 136.0
          Lair |  27.3 |  27.4 |   4.8 |  44.9 |  42.5 | 1694.3
  Orcish Mines |   8.1 |   8.0 |   5.3 |  48.7 |  27.2 | 1492.0
         Abyss |   0.8 |   0.8 |   0.0 |  25.6 |   0.0 | 305.0
       Ossuary |   3.1 |   3.3 |   0.0 |  72.3 |   4.6 | 1216.0
      Ice Cave |   0.0 |   0.0 |   0.0 |   0.0 |   0.0 |   4.0
               +-------+-------+-------+-------+-------+----------------------

Table legend:
 A = Kills in this place as a percentage of kills in entire the game.
 B = Kills by you in this place as a percentage of kills by you in the entire game.
 C = Kills by friends in this place as a percentage of kills by friends in the entire game.
 D = Other kills in this place as a percentage of other kills in the entire game.
 E = Experience gained in this place as a percentage of experience gained in the entire game.
 F = Experience gained in this place divided by the number of levels of this place that you have seen.
                   A       B       C       D       E      F
               +-------+-------+-------+-------+-------+----------------------
         Total | 100.0 | 100.0 | 100.0 | 100.0 | 100.0 | 3946.2
       Dungeon |  54.4 |  53.2 |  57.1 |  81.0 |  31.3 | 2292.1
          Lair |  25.1 |  26.6 |  10.7 |   4.8 |  44.9 | 7682.7
  Orcish Mines |  15.8 |  17.0 |   0.0 |   4.8 |  22.6 | 11569.0
         Abyss |   0.5 |   0.5 |   0.0 |   0.0 |   1.0 | 1073.0
       Ossuary |   4.3 |   2.7 |  32.1 |   9.5 |   0.2 | 205.0
               +-------+-------+-------+-------+-------+----------------------

Skill      XL: |  1  2  3  4  5  6  7  8  9 10 11 12 13 14 |
---------------+-------------------------------------------+-----
Conjurations   | 2 3 4 5 7 8 9 10 12 14 16 | 16.2
Spellcasting   | 5 6 7 11 13 15 | 15.2
Shields        | 1 3 4 |  4.0
Air Magic      | 1 2 |  2.0
Poison Magic   | 1 2 |  2.0
Summonings     | 4 5 |  5.2
Dodging        | 4 7 8 |  8.3
Fighting       | 2 4 5 |  5.0
Earth Magic    | 1 2 |  2.1
Fire Magic     | 8 10 12 13 15 | 15.1
Stealth        | |  2.4
Translocations | |  1.1

Action                   |  1- 3 |  4- 6 |  7- 9 | 10-12 | 13-15 || total
-------------------------+-------+-------+-------+-------+-------++-------
Melee: Dagger            |     1 |     5 |    35 |    33 |       ||    74
       Whip              |       |       |       |     3 |       ||     3
Throw: Dart              |       |       |     3 |     3 |       ||     6
 Cast: Magic Dart        |    94 |   159 |   482 |   384 |   128 ||  1247
       Mephitic Cloud    |       |     4 |    83 |    57 |    32 ||   176
       Call Imp          |       |    24 |    56 |    34 |       ||   114
       Blink             |       |       |     1 |     9 |    10 ||    20
       Shock             |       |       |     1 |       |       ||     1
       Fireball          |       |       |       |   148 |   295 ||   443
       Orb of Destructio |       |       |       |       |    29 ||    29
Evoke: Wand              |       |       |       |     3 |       ||     3
  Use: Scroll            |       |     9 |     6 |    11 |    19 ||    45
       Potion            |       |       |       |     2 |     8 ||    10
 Stab: Sleeping          |     1 |     1 |     2 |     2 |       ||     6
       Confused          |       |       |     3 |     1 |       ||     4
       Paralysed         |       |       |       |     1 |       ||     1
  Eat: Chunk             |     3 |     5 |    13 |    19 |    14 ||    54
       Ration            |       |     2 |     4 |    10 |    11 ||    27
Armor: Robe              |     1 |     9 |    15 |    33 |    21 ||    79
Dodge: Dodged            |     9 |    37 |    85 |   155 |   106 ||   392
Block: Buckler           |       |       |    40 |    63 |    53 ||   156

Vanquished Creatures
  Jorgrun (D:13)
  3 orc warlords (Orc:1)
  Nessos (D:13)
  Fannar (Lair:3)
  Harold (D:11)
  7 hydras
  4 two-headed ogres
  4 death yaks
  4 orc high priests
  Sonja (Orc:1)
  Nergalle (D:10)
  An unseen horror (D:10)
  A lindwurm (Lair:6)
  A necromancer (D:13)
  Pikel (D:8)
  A large abomination (Abyss:2)
  A wolf spider zombie (D:12)
  3 orc knights
  A deep elf mage (D:12)
  7 orc sorcerers (Orc:2)
  A cyclops (D:13)
  An ugly thing (D:11)
  21 elephants
  10 black mambas
  3 molten gargoyles (Lair:6)
  Maggie (Lair:1)
  3 rime drakes
  7 spiny frogs
  8 komodo dragons
  9 trolls
  2 tengu conjurers (D:13)
  A raiju (Abyss:2)
  6 slime creatures
  10 hippogriffs
  Sigmund (D:2)
  2 wraiths
  6 wyverns
  17 yaks
  7 basilisks
  2 fire bats (Lair:1)
  3 hungry ghosts
  A neqoxec (Abyss:2)
  Grum (Lair:1)
  3 steam dragons
  7 wargs
  2 soldier ants (D:8)
  5 insubstantial wisps
  4 hell hounds (Lair:6)
  4 nagas (Lair:4)
  An acid dragon (D:13)
  Duvessa (D:4)
  14 water moccasins
  8 porcupines
  5 sky beasts
  A black bear (D:10)
  34 orc warriors
  A slave (D:7)
  2 wolves (Lair:1)
  3 centaurs
  8 ogres
  7 crocodiles
  4 big kobolds
  12 bullfrogs
  7 scorpions
  Dowan (D:4)
  8 killer bees
  2 howler monkeys
  An electric eel (Lair:5)
  3 bullfrog zombies
  4 crimson imps
  6 lava snakes
  2 centaur zombies
  2 quasits (D:9)
  15 orc wizards
  3 hounds
  2 centaur skeletons (D:11)
  6 orc priests
  A gnoll shaman (D:6)
  7 jellies
  2 iguanas
  Natasha (thrice) (D:4)
  6 worker ants
  2 big kobold zombies (Ossuary)
  A hound skeleton (D:7)
  2 mummies (Ossuary)
  2 howler monkey skeletons
  15 adders
  7 gnolls
  7 shadow imps
  3 adder skeletons
  2 adder zombies (Ossuary)
  5 worms
  3 dart slugs
  6 leopard geckos
  67 orcs
  A ball python (D:4)
  5 giant cockroaches
  2 gnoll zombies (Ossuary)
  17 goblins
  7 hobgoblins
  5 quokkas
  4 bats (D:1)
  3 frilled lizards (D:1)
  A hobgoblin zombie (Ossuary)
  A jackal zombie (D:6)
  26 kobolds
  4 kobold zombies (Ossuary)
  A leopard gecko skeleton (D:7)
  2 orc zombies (Ossuary)
  A quokka zombie (D:7)
  3 rats
  3 fungi
  4 plants
587 creatures vanquished.

Vanquished Creatures (collateral kills)
  Erolcha (D:9)
  A komodo dragon (Lair:1)
  A hippogriff (D:10)
  A basilisk (Lair:1)
  2 slaves (D:8)
  2 orc warriors
  An ogre (D:5)
  A centaur (D:8)
  A crocodile (Lair:1)
  A water moccasin zombie (Ossuary)
  A scorpion (D:6)
  2 killer bees
  A crimson imp (D:7)
  A hound (D:5)
  An orc priest (D:5)
  A bullfrog skeleton (D:7)
  A worker ant (D:5)
  2 big kobold zombies (Ossuary)
  An adder (D:4)
  2 adder zombies (Ossuary)
  An orc (D:8)
  A gnoll zombie (Ossuary)
  2 kobold zombies (Ossuary)
  An orc zombie (Ossuary)
30 creatures vanquished.

Vanquished Creatures (others)
  A big kobold zombie (Ossuary)
  2 hobgoblin zombies (Ossuary)
  A kobold zombie (Ossuary)
  An orc zombie (Ossuary)
  29 fungi
  6 plants
40 creatures vanquished.

Grand Total: 657 creatures vanquished
